[ AOE2 MATCH · #506415655 ]
UnrankedMuisca vs Saracens
Player's team · WIN
Rival team · LOSS
[ REPLAY ANALYSIS · EXTRACTED FROM THE RECORDED GAME ]
Feudal
14:00
Castle
21:46
Imperial
37:03
| APM avg | 56.7 |
| APM peak | 109 |
| eAPM avg | 26.7 |
| Villagers / military | 124 / 84 |
Focus
⚔️ 35.9% · 🌾 64.1%
Archer ×43 · Unknown (2550) ×31 · Spearman ×16 · Skirmisher ×9 · Trebuchet (Packed) ×8 · Monk ×6
Feudal
10:27
Castle
20:02
Imperial
36:39
| APM avg | 55.2 |
| APM peak | 83 |
| eAPM avg | 28.8 |
| Villagers / military | 148 / 113 |
Focus
⚔️ 29.2% · 🌾 70.8%
Militia ×58 · Bombard Cannon ×14 · Knight ×10 · Scorpion ×7 · Hand Cannoneer ×6 · Trebuchet (Packed) ×6
Match map
Initial resources + every placement click. Lines = walls · curves = elevation contours. ◆ gold · ⬟ stone · ● berries · ✦ relic · ◌ wall gap
Your base· ✓ Closed at 21:46 · 57t walls · 1 gate(s)
Iron's base· Open — 4t gap
Smoothed initial terrain · ◌ = detected wall gap · hover for details
Inputs per minute
— CORP_hector_sin_elo - - Iron
Build order — CORP_hector_sin_elo
First 150 of 427 actions detected
| 0:00 | Queue | Villager (Male) |
| 0:01 | Queue | Villager (Male) |
| 0:01 | Queue | Villager (Male) |
| 0:01 | Queue | Villager (Male) |
| 0:02 | Build | House |
| 0:05 | Build | House |
| 1:25 | Queue | Villager (Male) |
| 1:25 | Queue | Villager (Male) |
| 1:59 | Queue | Villager (Male) |
| 1:59 | Queue | Villager (Male) |
| 2:26 | Queue | Villager (Male) |
| 2:50 | Queue | Villager (Male) |
| 2:50 | Queue | Villager (Male) |
| 3:06 | Queue | Villager (Male) |
| 3:39 | Build | Barracks |
| 3:43 | Build | House |
| 3:47 | Queue | Villager (Male) |
| 3:47 | Queue | Villager (Male) |
| 3:57 | Build | Palisade Wall |
| 3:58 | Build | Palisade Wall |
| 3:59 | Build | Palisade Wall |
| 4:06 | Research | Loom |
| 4:08 | Queue | Villager (Male) |
| 4:28 | Queue | Villager (Male) |
| 4:48 | Queue | Unit 2550 |
| 5:06 | Build | Settlement |
| 5:18 | Build | House |
| 5:31 | Queue | Villager (Male) |
| 5:33 | Queue | Unit 2550 |
| 5:51 | Build | House |
| 5:53 | Queue | Villager (Male) |
| 6:24 | Queue | Villager (Male) |
| 6:40 | Queue | Unit 2550 |
| 6:49 | Queue | Villager (Male) |
| 6:57 | Build | House |
| 7:04 | Queue | Villager (Male) |
| 7:32 | Queue | Villager (Male) |
| 7:36 | Build | House |
| 7:53 | Queue | Villager (Male) |
| 8:02 | Build | Palisade Wall |
| 8:03 | Build | Palisade Wall |
| 8:16 | Queue | Unit 2550 |
| 8:17 | Queue | Villager (Male) |
| 8:27 | Build | Palisade Wall |
| 8:31 | Build | Palisade Wall |
| 8:34 | Queue | Villager (Male) |
| 8:37 | Build | Settlement |
| 8:57 | Build | Palisade Wall |
| 9:04 | Queue | Villager (Male) |
| 9:52 | Build | Settlement |
| 10:30 | Queue | Villager (Male) |
| 10:43 | Build | Farm |
| 10:44 | Build | Farm |
| 10:44 | Build | Farm |
| 11:02 | Build | Farm |
| 11:06 | Queue | Villager (Male) |
| 11:14 | Build | Farm |
| 11:32 | Build | Palisade Wall |
| 11:33 | Build | Palisade Wall |
| 11:33 | Build | Palisade Wall |
| 11:34 | Build | Palisade Wall |
| 11:43 | Build | Farm |
| 11:50 | Research | Feudal Age |
| 11:50 | Research | Feudal Age |
| 12:01 | Build | Palisade Wall |
| 12:02 | Build | Palisade Wall |
| 12:03 | Build | Palisade Wall |
| 12:23 | Queue | Unit 2550 |
| 12:28 | Build | Farm |
| 12:50 | Queue | Unit 2550 |
| 13:17 | Queue | Unit 2550 |
| 13:28 | Build | House |
| 13:32 | Build | Palisade Wall |
| 13:33 | Build | Palisade Wall |
| 13:34 | Build | Palisade Wall |
| 13:46 | Build | Farm |
| 14:00 | Age | Feudal Age |
| 14:01 | Research | Tech 1402 |
| 14:03 | Build | Archery Range |
| 14:10 | Queue | Villager (Male) |
| 14:12 | Research | Double-Bit Axe |
| 14:25 | Queue | Villager (Male) |
| 14:33 | Queue | Skirmisher |
| 14:34 | Queue | Skirmisher |
| 14:44 | Build | House |
| 14:46 | Build | Palisade Wall |
| 14:47 | Build | Palisade Wall |
| 14:48 | Build | Palisade Wall |
| 14:57 | Build | Palisade Wall |
| 15:01 | Build | Palisade Wall |
| 15:14 | Build | Palisade Wall |
| 15:15 | Build | Palisade Wall |
| 15:17 | Build | Palisade Wall |
| 15:21 | Queue | Skirmisher |
| 15:23 | Queue | Unit 2550 |
| 15:29 | Queue | Villager (Male) |
| 15:41 | Queue | Villager (Male) |
| 15:43 | Queue | Archer |
| 15:53 | Build | Farm |
| 16:00 | Build | Farm |
| 16:00 | Queue | Villager (Male) |
| 16:02 | Build | Palisade Wall |
| 16:12 | Build | Palisade Wall |
| 16:13 | Build | Palisade Wall |
| 16:13 | Build | Palisade Wall |
| 16:20 | Build | Settlement |
| 16:24 | Research | Wheelbarrow |
| 16:35 | Build | Palisade Wall |
| 16:40 | Queue | Spearman |
| 16:59 | Build | Palisade Wall |
| 17:02 | Build | Palisade Wall |
| 17:02 | Build | Palisade Wall |
| 17:04 | Build | Palisade Wall |
| 17:05 | Build | Palisade Wall |
| 17:06 | Build | Palisade Wall |
| 17:12 | Build | Farm |
| 17:33 | Build | Farm |
| 17:34 | Build | Farm |
| 17:39 | Build | Farm |
| 17:45 | Build | Palisade Wall |
| 17:50 | Build | Palisade Gate |
| 17:52 | Build | Palisade Wall |
| 17:52 | Build | Palisade Wall |
| 17:54 | Build | Palisade Wall |
| 18:03 | Build | Farm |
| 18:10 | Build | Palisade Wall |
| 18:11 | Build | Palisade Wall |
| 18:13 | Build | Palisade Wall |
| 18:14 | Build | Farm |
| 18:16 | Queue | Villager (Male) |
| 18:24 | Queue | Villager (Male) |
| 18:42 | Build | Blacksmith |
| 18:46 | Build | Palisade Wall |
| 19:00 | Queue | Archer |
| 19:06 | Research | Castle Age |
| 19:06 | Research | Castle Age |
| 19:12 | Queue | Archer |
| 19:14 | Research | Fletching |
| 19:15 | Research | Scale Mail Armor |
| 19:21 | Research | Horse Collar |
| 19:26 | Queue | Unit 2550 |
| 19:36 | Research | Scale Mail Armor |
| 19:59 | Queue | Unit 2550 |
| 20:00 | Queue | Unit 2550 |
| 20:16 | Research | Padded Archer Armor |
| 20:36 | Queue | Unit 2550 |
| 20:47 | Build | Barracks |
| 20:57 | Research | Forging |
| 20:58 | Queue | Archer |
| 21:09 | Queue | Villager (Male) |
Build order — Iron
First 150 of 492 actions detected
| 0:02 | Queue | Villager (Male) |
| 0:02 | Queue | Villager (Male) |
| 0:02 | Queue | Villager (Male) |
| 0:02 | Queue | Villager (Male) |
| 0:03 | Build | House |
| 0:06 | Build | House |
| 1:31 | Queue | Villager (Male) |
| 1:31 | Queue | Villager (Male) |
| 1:59 | Queue | Villager (Male) |
| 1:59 | Queue | Villager (Male) |
| 2:12 | Build | Lumber Camp |
| 2:20 | Queue | Villager (Male) |
| 2:20 | Queue | Villager (Male) |
| 2:31 | Queue | Villager (Male) |
| 2:31 | Queue | Villager (Male) |
| 3:02 | Queue | Villager (Male) |
| 3:03 | Queue | Villager (Male) |
| 3:09 | Build | House |
| 3:27 | Queue | Villager (Male) |
| 3:27 | Queue | Villager (Male) |
| 3:27 | Queue | Villager (Male) |
| 4:02 | Queue | Villager (Male) |
| 4:03 | Queue | Villager (Male) |
| 4:10 | Queue | Villager (Male) |
| 4:44 | Build | Mill |
| 5:11 | Queue | Villager (Male) |
| 5:50 | Queue | Villager (Male) |
| 6:01 | Research | Loom |
| 6:01 | Research | Loom |
| 6:40 | Queue | Villager (Male) |
| 6:44 | Build | House |
| 6:47 | Build | Palisade Wall |
| 7:11 | Queue | Villager (Male) |
| 7:17 | Build | Palisade Wall |
| 7:21 | Build | Palisade Wall |
| 8:17 | Research | Feudal Age |
| 8:17 | Research | Feudal Age |
| 9:01 | Build | Barracks |
| 9:08 | Queue | Villager (Male) |
| 9:21 | Build | Palisade Wall |
| 9:25 | Build | Palisade Wall |
| 9:39 | Build | Mill |
| 10:27 | Age | Feudal Age |
| 10:29 | Queue | Villager (Male) |
| 10:39 | Build | Stable |
| 10:55 | Queue | Villager (Male) |
| 11:03 | Queue | Villager (Male) |
| 11:20 | Build | Farm |
| 11:22 | Build | Farm |
| 11:38 | Build | Farm |
| 11:38 | Build | Farm |
| 11:47 | Queue | Scout Cavalry |
| 11:51 | Build | House |
| 12:00 | Build | Farm |
| 12:08 | Queue | Scout Cavalry |
| 12:16 | Queue | Villager (Male) |
| 12:29 | Queue | Villager (Male) |
| 12:32 | Build | Farm |
| 12:49 | Queue | Scout Cavalry |
| 13:02 | Queue | Villager (Male) |
| 13:19 | Build | House |
| 13:31 | Build | Lumber Camp |
| 13:35 | Build | Farm |
| 13:38 | Build | House |
| 13:41 | Build | Palisade Wall |
| 13:51 | Queue | Villager (Male) |
| 13:53 | Queue | Villager (Male) |
| 14:07 | Build | Mining Camp |
| 14:16 | Queue | Scout Cavalry |
| 14:17 | Queue | Villager (Male) |
| 14:29 | Queue | Villager (Male) |
| 14:35 | Build | House |
| 14:36 | Build | Palisade Wall |
| 14:49 | Build | House |
| 14:50 | Build | House |
| 14:51 | Build | Palisade Wall |
| 15:10 | Queue | Villager (Male) |
| 15:28 | Build | Market |
| 15:41 | Queue | Villager (Male) |
| 15:44 | Build | Farm |
| 16:07 | Build | Farm |
| 16:16 | Queue | Villager (Male) |
| 16:21 | Build | House |
| 16:24 | Build | House |
| 16:30 | Queue | Villager (Male) |
| 16:33 | Build | House |
| 17:22 | Research | Castle Age |
| 17:22 | Research | Castle Age |
| 17:34 | Build | Stable |
| 17:49 | Research | Horse Collar |
| 18:30 | Research | Man-at-Arms (upgrade) |
| 18:30 | Research | Man-at-Arms (upgrade) |
| 18:43 | Build | Farm |
| 18:46 | Build | Farm |
| 18:50 | Build | Farm |
| 19:01 | Research | Man-at-Arms (upgrade) |
| 19:02 | Research | Man-at-Arms (upgrade) |
| 19:10 | Build | Blacksmith |
| 19:14 | Build | Palisade Wall |
| 19:28 | Research | Arson |
| 19:29 | Research | Arson |
| 19:44 | Build | Palisade Wall |
| 20:02 | Age | Castle Age |
| 20:04 | Queue | Knight |
| 20:04 | Queue | Knight |
| 20:05 | Queue | Villager (Male) |
| 20:10 | Research | Forging |
| 20:31 | Build | Town Center |
| 20:34 | Build | House |
| 20:52 | Queue | Knight |
| 20:52 | Queue | Knight |
| 21:02 | Build | Farm |
| 21:02 | Build | Farm |
| 21:06 | Build | House |
| 21:14 | Queue | Knight |
| 21:14 | Queue | Knight |
| 21:14 | Queue | Knight |
| 21:20 | Build | Farm |
| 21:21 | Build | Farm |
| 21:23 | Build | House |
| 21:54 | Build | Farm |
| 21:54 | Build | Farm |
| 21:55 | Build | Farm |
| 21:55 | Build | Farm |
| 22:34 | Build | Monastery |
| 22:39 | Research | Wheelbarrow |
| 22:42 | Build | Farm |
| 22:43 | Build | Farm |
| 22:48 | Build | Farm |
| 22:49 | Build | Farm |
| 22:58 | Build | House |
| 22:59 | Build | House |
| 23:01 | Build | House |
| 23:02 | Build | House |
| 23:10 | Queue | Knight |
| 23:10 | Queue | Knight |
| 23:10 | Queue | Knight |
| 23:11 | Queue | Monk |
| 23:12 | Queue | Monk |
| 23:13 | Build | Farm |
| 23:13 | Build | Farm |
| 23:41 | Queue | Villager (Male) |
| 23:41 | Queue | Villager (Male) |
| 23:41 | Queue | Villager (Male) |
| 23:41 | Queue | Villager (Male) |
| 23:41 | Queue | Villager (Male) |
| 23:42 | Queue | Villager (Male) |
| 23:44 | Build | Farm |
| 24:01 | Queue | Villager (Male) |
| 24:02 | Queue | Villager (Male) |
Match timeline
| 3:39 | CORP_hector_sin_elo · first_building Barracks |
| 3:57 | CORP_hector_sin_elo · wall_segment Palisade Wall x1 |
| 3:58 | CORP_hector_sin_elo · wall_segment Palisade Wall x1 |
| 3:59 | CORP_hector_sin_elo · wall_segment Palisade Wall x1 |
| 6:47 | Iron · wall_segment Palisade Wall x1 |
| 7:17 | Iron · wall_segment Palisade Wall x1 |
| 7:21 | Iron · wall_segment Palisade Wall x1 |
| 8:02 | CORP_hector_sin_elo · wall_segment Palisade Wall x1 |
| 8:03 | CORP_hector_sin_elo · wall_segment Palisade Wall x1 |
| 8:27 | CORP_hector_sin_elo · wall_segment Palisade Wall x1 |
| 8:31 | CORP_hector_sin_elo · wall_segment Palisade Wall x1 |
| 8:57 | CORP_hector_sin_elo · wall_segment Palisade Wall x1 |
| 9:01 | Iron · first_building Barracks |
| 9:21 | Iron · wall_segment Palisade Wall x3 |
| 9:25 | Iron · wall_segment Palisade Wall x1 |
| 10:27 | Iron · age_up feudal |
| 10:39 | Iron · first_building Stable |
| 11:32 | CORP_hector_sin_elo · wall_segment Palisade Wall x1 |
| 11:33 | CORP_hector_sin_elo · wall_segment Palisade Wall x1 |
| 11:33 | CORP_hector_sin_elo · wall_segment Palisade Wall x1 |
| 11:34 | CORP_hector_sin_elo · wall_segment Palisade Wall x1 |
| 12:01 | CORP_hector_sin_elo · wall_segment Palisade Wall x1 |
| 12:02 | CORP_hector_sin_elo · wall_segment Palisade Wall x3 |
| 12:03 | CORP_hector_sin_elo · wall_segment Palisade Wall x4 |
| 13:32 | CORP_hector_sin_elo · wall_segment Palisade Wall x1 |
| 13:33 | CORP_hector_sin_elo · wall_segment Palisade Wall x1 |
| 13:34 | CORP_hector_sin_elo · wall_segment Palisade Wall x1 |
| 13:41 | Iron · wall_segment Palisade Wall x1 |
| 14:00 | CORP_hector_sin_elo · age_up feudal |
| 14:03 | CORP_hector_sin_elo · first_building Archery Range |
| 14:36 | Iron · wall_segment Palisade Wall x1 |
| 14:46 | CORP_hector_sin_elo · wall_segment Palisade Wall x4 |
| 14:47 | CORP_hector_sin_elo · wall_segment Palisade Wall x1 |
| 14:48 | CORP_hector_sin_elo · wall_segment Palisade Wall x1 |
| 14:51 | Iron · wall_segment Palisade Wall x1 |
| 14:57 | CORP_hector_sin_elo · wall_segment Palisade Wall x1 |
| 15:01 | CORP_hector_sin_elo · wall_segment Palisade Wall x1 |
| 15:14 | CORP_hector_sin_elo · wall_segment Palisade Wall x1 |
| 15:15 | CORP_hector_sin_elo · wall_segment Palisade Wall x1 |
| 15:17 | CORP_hector_sin_elo · wall_segment Palisade Wall x3 |
| 16:02 | CORP_hector_sin_elo · wall_segment Palisade Wall x1 |
| 16:12 | CORP_hector_sin_elo · wall_segment Palisade Wall x1 |
| 16:13 | CORP_hector_sin_elo · wall_segment Palisade Wall x1 |
| 16:13 | CORP_hector_sin_elo · wall_segment Palisade Wall x1 |
| 16:35 | CORP_hector_sin_elo · wall_segment Palisade Wall x1 |
| 16:59 | CORP_hector_sin_elo · wall_segment Palisade Wall x1 |
| 17:02 | CORP_hector_sin_elo · wall_segment Palisade Wall x5 |
| 17:02 | CORP_hector_sin_elo · wall_segment Palisade Wall x1 |
| 17:04 | CORP_hector_sin_elo · wall_segment Palisade Wall x1 |
| 17:05 | CORP_hector_sin_elo · wall_segment Palisade Wall x1 |
| 17:06 | Iron · first_market_buy 500 food |
| 17:06 | CORP_hector_sin_elo · wall_segment Palisade Wall x1 |
| 17:08 | Iron · first_market_sell 500 wood |
| 17:45 | CORP_hector_sin_elo · wall_segment Palisade Wall x1 |
| 17:52 | CORP_hector_sin_elo · wall_segment Palisade Wall x1 |
| 17:52 | CORP_hector_sin_elo · wall_segment Palisade Wall x1 |
| 17:54 | CORP_hector_sin_elo · wall_segment Palisade Wall x1 |
| 18:10 | CORP_hector_sin_elo · wall_segment Palisade Wall x1 |
| 18:11 | CORP_hector_sin_elo · wall_segment Palisade Wall x1 |
| 18:13 | CORP_hector_sin_elo · wall_segment Palisade Wall x1 |
| 18:46 | CORP_hector_sin_elo · wall_segment Palisade Wall x1 |
| 19:14 | Iron · wall_segment Palisade Wall x8 |
| 19:44 | Iron · wall_segment Palisade Wall x2 |
| 20:02 | Iron · age_up castle |
| 21:46 | CORP_hector_sin_elo · age_up castle |
| 22:11 | CORP_hector_sin_elo · wall_segment Palisade Wall x1 |
| 22:34 | Iron · first_building Monastery |
| 24:09 | CORP_hector_sin_elo · first_building Monastery |
| 27:13 | Iron · first_building Siege Workshop |
| 29:00 | Iron · wall_segment Stone Wall x1 |
| 30:09 | CORP_hector_sin_elo · first_building Siege Workshop |
| 31:25 | Iron · first_building Castle |
| 32:31 | CORP_hector_sin_elo · wall_segment Palisade Wall x1 |
| 32:32 | CORP_hector_sin_elo · wall_segment Palisade Wall x1 |
| 35:08 | CORP_hector_sin_elo · first_building Castle |
| 36:39 | Iron · age_up imperial |
| 37:03 | CORP_hector_sin_elo · age_up imperial |
| 43:24 | Iron · first_building Archery Range |
| 48:41 | Iron · resign |
[ AI ANALYSIS · 1 CREDIT ]
What really happened in this match?
Wolo.gg analyzes every decision: build order, eco, micro, common mistakes by bracket. Personalized analysis on WhatsApp or Discord in 30 seconds.
Civ guide
Muisca
Perfil
Jugador #459775